SOB
PANAMA CITY CAPITALES @ SAN JOSE VOLCANOES
01/10/1982
 
TOP OF THE 1ST
Panama City Capitales batting - Pitching for San Jose Volcanoes : LHP Brad Havens
Pitching: LHP Brad Havens
Batting: LHB George Kaage 0-0: Ball
1-0: Ball
2-0: Called Strike
2-1: Ball
3-1: Base on Balls
Batting: SHB Stan Javier 0-0: Ball
1-0: Ball
2-0: Ball
3-0: Base on Balls
George Kaage to second
Batting: RHB David Hall 0-0: Called Strike
0-1: Swinging Strike
0-2: Ball
1-2: Ball
2-2: Foul Ball, location: 2F
2-2: Foul Ball, location: 2F
2-2: Ball
3-2: Foul Ball, location: 2F
3-2: Fly out, F8 (Line Drive, 8LM, EV 91.3 MPH)
Batting: RHB Rod Allen 0-0: Ball
1-0: Called Strike
1-1: Called Strike
1-2: Grounds into double play, 5-4-3 (Groundball, 56, EV 91.9 MPH)
Top of the 1st over - 0 runs, 0 hits, 0 errors, 1 left on base; Panama City 0 - San Jose 0
BOTTOM OF THE 1ST
San Jose Volcanoes batting - Pitching for Panama City Capitales : LHP Chuck Dougherty
Pitching: LHP Chuck Dougherty
Batting: RHB Anthony Laurenzi 0-0: Ball
1-0: Ball
2-0: Ball
3-0: Called Strike
3-1: Base on Balls
Batting: RHB Jay Schellin 0-0: Foul Ball, location: 2F
0-1: Fly out, F8 (Flyball, 8RD, EV 79.4 MPH)
Batting: LHB Mike LaValliere 0-0: Called Strike
0-1: Ball
1-1: Ball
2-1: Fly out, F7 (Flyball, 78M, EV 91.3 MPH)
Batting: LHB Pete M O'Brien 0-0: Fly out, F8 (Flyball, 78D, EV 105.0 MPH)
Bottom of the 1st over - 0 runs, 0 hits, 0 errors, 1 left on base; Panama City 0 - San Jose 0
TOP OF THE 2ND
Panama City Capitales batting - Pitching for San Jose Volcanoes : LHP Brad Havens
Batting: RHB Pedro Guerrero 0-0: Called Strike
0-1: Ball
1-1: Ball
2-1: Ball
3-1: Base on Balls
Batting: RHB Armando Moreno 0-0: Ball
1-0: Swinging Strike
1-1: Fly out, F7 (Flyball, 7D, EV 101.9 MPH)
Batting: LHB Jessie Reid 0-0: Ball
1-0: Foul Ball, location: 2F
1-1: Called Strike
1-2: Strikes out swinging
Batting: LHB Stephen DeMatties 0-0: Called Strike
0-1: Ball
1-1: Ball
2-1: Foul Ball, location: 2F
2-2: Strikes out swinging
Top of the 2nd over - 0 runs, 0 hits, 0 errors, 1 left on base; Panama City 0 - San Jose 0
BOTTOM OF THE 2ND
San Jose Volcanoes batting - Pitching for Panama City Capitales : LHP Chuck Dougherty
Batting: RHB Jeff Spisok 0-0: Ball
1-0: Swinging Strike
1-1: Swinging Strike
1-2: Ball
2-2: Ball
3-2: Base on Balls
Batting: RHB Tony Evans 0-0: Ball
Jeff Spisok steals 2nd base (no throw)
1-0: Ball
2-0: Ground out U3 (Groundball, 3, EV 85.6 MPH)
Jeff Spisok to third
Batting: RHB Brian David 0-0: Ball
1-0: Ball
2-0: Ball
3-0: Called Strike
3-1: Called Strike
3-2: Fly out, F8 (Flyball, 8LD, EV 91.9 MPH)
Runner from 3rd tags up, SCORES, no throw by CF
Batting: RHB David Hoyt 0-0: Called Strike
0-1: Ball
1-1: Fly out, F5 (Line Drive, 5, EV 73.1 MPH)
Bottom of the 2nd over - 1 run, 0 hits, 0 errors, 0 left on base; Panama City 0 - San Jose 1
TOP OF THE 3RD
Panama City Capitales batting - Pitching for San Jose Volcanoes : LHP Brad Havens
Batting: SHB Curt Wilkerson 0-0: Foul Ball, location: 2F
0-1: Ball
1-1: Ball
2-1: Swinging Strike
2-2: Foul Ball, location: 2F
2-2: Ball
3-2: Base on Balls
Batting: LHB George Kaage 0-0: Foul Ball, location: 2F
0-1: Ball
1-1: Foul Ball, location: 2F
1-2: Ball
2-2: Fielders Choice at 2nd, 2-4 (Groundball, 15S, EV 73.1 MPH)
Batting: SHB Stan Javier 0-0: Swinging Strike
0-1: Ball
1-1: SINGLE (Groundball, 56D, EV 101.3 MPH)
George Kaage to second
Batting: RHB David Hall 0-0: Called Strike
0-1: Fly out, F7 (Flyball, 7S, EV 88.1 MPH)
Batting: RHB Rod Allen 0-0: Called Strike
0-1: Ball
1-1: Ball
2-1: Swinging Strike
2-2: Ball
3-2: Strikes out swinging
Top of the 3rd over - 0 runs, 1 hit, 0 errors, 2 left on base; Panama City 0 - San Jose 1
BOTTOM OF THE 3RD
San Jose Volcanoes batting - Pitching for Panama City Capitales : LHP Chuck Dougherty
Batting: RHB Henry Powell 0-0: Ball
1-0: Swinging Strike
1-1: Ball
2-1: Ball
3-1: Base on Balls
Batting: RHB Anthony Laurenzi 0-0: Ball
1-0: Called Strike
1-1: Ball
2-1: Ball
3-1: Base on Balls
Henry Powell to second
Batting: RHB Jay Schellin 0-0: Grounds into double play, 5-4-3 (Groundball, 56, EV 82.5 MPH)
Henry Powell to third
Batting: LHB Mike LaValliere 0-0: Ball
1-0: Ball
2-0: Ball
3-0: Base on Balls
Batting: LHB Pete M O'Brien 0-0: Ball
1-0: Ball
2-0: Foul Ball, location: 2F
2-1: Ball
Mike LaValliere steals 2nd base
3-1: Base on Balls
Batting: RHB Jeff Spisok 0-0: Ball
1-0: Called Strike
1-1: Foul Ball, location: 2F
1-2: Strikes out swinging
Bottom of the 3rd over - 0 runs, 0 hits, 0 errors, 3 left on base; Panama City 0 - San Jose 1
TOP OF THE 4TH
Panama City Capitales batting - Pitching for San Jose Volcanoes : LHP Brad Havens
Batting: RHB Pedro Guerrero 0-0: Ball
1-0: SINGLE (Groundball, 4MD, EV 109.4 MPH)
Batting: RHB Armando Moreno 0-0: Ball
1-0: Ball
2-0: Ball
3-0: Base on Balls
Pedro Guerrero to second
Batting: LHB Jessie Reid 0-0: Ball
1-0: Ball
2-0: Called Strike
2-1: Foul Ball, location: 2F
2-2: Foul Ball, location: 2F
2-2: Fly out, F6 (Popup, 6MS, EV 84.4 MPH)
Batting: LHB Stephen DeMatties 0-0: Called Strike
0-1: Ball
1-1: Swinging Strike
1-2: Ball
2-2: Strikes out swinging
Batting: SHB Curt Wilkerson 0-0: Called Strike
0-1: Called Strike
0-2: Ball
1-2: Strikes out swinging
Top of the 4th over - 0 runs, 1 hit, 0 errors, 2 left on base; Panama City 0 - San Jose 1
BOTTOM OF THE 4TH
San Jose Volcanoes batting - Pitching for Panama City Capitales : LHP Chuck Dougherty
Batting: RHB Tony Evans 0-0: Ball
1-0: Bunt - Flyout to 13S! F1
Batting: RHB Brian David 0-0: Ball
1-0: Foul Ball, location: 2F
1-1: Ball
2-1: Ball
3-1: Bunt missed!
3-2: Foul Ball, location: 2F
3-2: Fly out, F8 (Line Drive, 8LD, EV 86.9 MPH)
Batting: RHB David Hoyt 0-0: Called Strike
0-1: Ball
1-1: Ball
2-1: Ball
3-1: Base on Balls
Batting: RHB Henry Powell 0-0: Ball
David Hoyt is caught stealing 2nd base 2-4
Bottom of the 4th over - 0 runs, 0 hits, 0 errors, 0 left on base; Panama City 0 - San Jose 1
TOP OF THE 5TH
Panama City Capitales batting - Pitching for San Jose Volcanoes : LHP Brad Havens
Batting: LHB George Kaage 0-0: Ball
1-0: Called Strike
1-1: Ball
2-1: Ball
3-1: Base on Balls
Batting: SHB Stan Javier 0-0: Ball
1-0: Called Strike
Pickoff Throw to First - Out! 1-3
1-1: Ball
2-1: Fly out, F7 (Flyball, 78M, EV 93.8 MPH)
Batting: RHB David Hall 0-0: Foul Ball, location: 2F
0-1: Called Strike
0-2: Foul Ball, location: 2F
0-2: Ball
1-2: Ball
2-2: Ball
3-2: Foul Ball, location: 2F
3-2: Foul Ball, location: 2F
3-2: SINGLE (Line Drive, 8RS, EV 106.3 MPH)
Pitching: RHP Rodolfo Apodaca
Batting: RHB Rod Allen 0-0: Called Strike
0-1: Ball
1-1: Called Strike
David Hall steals 2nd base
1-2: Foul Ball, location: 2F
1-2: Ball
2-2: Ball
3-2: Foul Ball, location: 2F
3-2: Foul Ball, location: 2F
3-2: Foul Ball, location: 2F
3-2: Strikes out swinging
Top of the 5th over - 0 runs, 1 hit, 0 errors, 1 left on base; Panama City 0 - San Jose 1
BOTTOM OF THE 5TH
San Jose Volcanoes batting - Pitching for Panama City Capitales : LHP Chuck Dougherty
Batting: RHB Henry Powell 0-0: Foul Ball, location: 2F
0-1: SINGLE (Groundball, 56S, EV 76.9 MPH) (infield hit)
Batting: RHB Anthony Laurenzi 0-0: Ball
1-0: Ball
2-0: Ball
3-0: Called Strike
3-1: Called Strike
3-2: Strikes out swinging
Batting: RHB Jay Schellin 0-0: Called Strike
0-1: Ball
1-1: Called Strike
1-2: Foul Ball, location: 2F
1-2: Ball
2-2: Foul Ball, location: 2F
2-2: Ground out 6-3 (Groundball, 6S, EV 62.5 MPH)
Henry Powell to second
Batting: LHB Mike LaValliere 0-0: Ball
1-0: Called Strike
1-1: Called Strike
1-2: Foul Ball, location: 2F
1-2: Strikes out swinging
Bottom of the 5th over - 0 runs, 1 hit, 0 errors, 1 left on base; Panama City 0 - San Jose 1
TOP OF THE 6TH
Panama City Capitales batting - Pitching for San Jose Volcanoes : RHP Rodolfo Apodaca
Batting: RHB Pedro Guerrero 0-0: Ball
1-0: Called Strike
1-1: Swinging Strike
1-2: Ball
2-2: SINGLE (Groundball, P, EV 85.0 MPH) (infield hit)
Batting: RHB Armando Moreno 0-0: Ball
1-0: Foul Ball, location: 2F
1-1: Called Strike
1-2: Foul Ball, location: 2F
1-2: SINGLE (Line Drive, 34D, EV 98.8 MPH)
Pedro Guerrero to second
Runner from 2nd tries for 3rd, SAFE, no throw by RF
Batting: LHB Jessie Reid 0-0: Ball
1-0: Called Strike
1-1: Reached on error, E5 (Groundball, 56S, EV 83.8 MPH)
Pedro Guerrero scores
Armando Moreno to second
Batting: LHB Stephen DeMatties 0-0: Ball
1-0: Swinging Strike
1-1: Foul Ball, location: 2F
1-2: Strikes out swinging
Batting: SHB Curt Wilkerson 0-0: Ball
1-0: Ball
2-0: Called Strike
2-1: Called Strike
2-2: Ball
3-2: Ground out U3 (Groundball, 3, EV 86.3 MPH)
Armando Moreno to third
Jessie Reid to second
Batting: LHB George Kaage 0-0: Ball
1-0: Ball
2-0: Called Strike
2-1: Ball
3-1: Foul Ball, location: 2F
3-2: Strikes out looking
Top of the 6th over - 1 run, 2 hits, 1 error, 2 left on base; Panama City 1 - San Jose 1
BOTTOM OF THE 6TH
San Jose Volcanoes batting - Pitching for Panama City Capitales : LHP Chuck Dougherty
Batting: LHB Pete M O'Brien 0-0: Ball
1-0: Swinging Strike
1-1: SINGLE (Line Drive, 6D, EV 100.6 MPH)
Batting: RHB Jeff Spisok 0-0: SINGLE (Groundball, 13S, EV 68.1 MPH) (infield hit)
Pete M O'Brien to second
Batting: RHB Tony Evans 0-0: Ball
1-0: SINGLE (Groundball, 34D, EV 95.6 MPH)
Pete M O'Brien to third
Jeff Spisok to second
Runner from 3rd tries for Home, throw by RF and OUT! 9-2
Batting: RHB Brian David 0-0: Ball
1-0: Ball
2-0: SINGLE (Groundball, 56, EV 98.1 MPH)
Jeff Spisok to third
Tony Evans to second
Runner from 3rd tries for Home, SAFE, throw by LF to home
Batting: RHB David Hoyt 0-0: Ball
1-0: SINGLE (Line Drive, 4D, EV 96.3 MPH)
Tony Evans to third
Brian David to second
Runner from 3rd tries for Home, SAFE, throw by CF to home
Batting: RHB Henry Powell 0-0: Called Strike
0-1: Ball
1-1: Fly out, F7 (Flyball, 7LM, EV 101.3 MPH)
Runner from 2nd tags up, SAFE at 3rd with throw by LF
Batting: RHB Anthony Laurenzi 0-0: Called Strike
0-1: Ground out U3 (Groundball, 34, EV 88.8 MPH)
Bottom of the 6th over - 2 runs, 5 hits, 0 errors, 2 left on base; Panama City 1 - San Jose 3
TOP OF THE 7TH
Panama City Capitales batting - Pitching for San Jose Volcanoes : RHP Rodolfo Apodaca
Batting: SHB Stan Javier 0-0: Ground out U3 (Groundball, 3, EV 79.4 MPH)
Batting: RHB David Hall 0-0: Called Strike
0-1: Ball
1-1: Ball
2-1: Foul Ball, location: 2F
2-2: Fly out, F9 (Flyball, 89D, EV 98.1 MPH)
Batting: RHB Rod Allen 0-0: Called Strike
0-1: Foul Ball, location: 2F
0-2: Fly out, F4 (Popup, 34, EV 58.1 MPH)
Top of the 7th over - 0 runs, 0 hits, 0 errors, 0 left on base; Panama City 1 - San Jose 3
BOTTOM OF THE 7TH
San Jose Volcanoes batting - Pitching for Panama City Capitales : LHP Chuck Dougherty
Batting: RHB Jay Schellin 0-0: Ball
1-0: Ball
2-0: Foul Ball, location: 2F
2-1: Ball
3-1: Base on Balls
Batting: LHB Mike LaValliere 0-0: Ball
1-0: Ball
2-0: SINGLE (Line Drive, 7S, EV 111.9 MPH)
Jay Schellin to second
Batting: LHB Pete M O'Brien 0-0: Called Strike
0-1: Grounds into double play, 6-4-3 (Groundball, 6M, EV 101.3 MPH)
Jay Schellin to third
Batting: RHB Jeff Spisok 0-0: Ball
Steal of home, Jay Schellin is out
Bottom of the 7th over - 0 runs, 1 hit, 0 errors, 0 left on base; Panama City 1 - San Jose 3
TOP OF THE 8TH
Panama City Capitales batting - Pitching for San Jose Volcanoes : RHP Rodolfo Apodaca
Batting: RHB Pedro Guerrero 0-0: Called Strike
0-1: Swinging Strike
0-2: Ball
1-2: Ball
2-2: Strikes out swinging
Batting: RHB Armando Moreno 0-0: Called Strike
0-1: Ball
1-1: Ball
2-1: Ball
3-1: Ground out U3 (Groundball, 3, EV 104.4 MPH)
Batting: LHB Jessie Reid 0-0: SINGLE (Groundball, 4MD, EV 103.1 MPH)
Pitching: RHP Jay Tibbs
Batting: LHB Stephen DeMatties 0-0: Ball
1-0: Ball
2-0: Called Strike
2-1: Foul Ball, location: 2F
2-2: SINGLE (Flyball, 78S, EV 86.3 MPH)
Jessie Reid to second
Pinch Hitting: LHB Preston Cash 0-0: Called Strike
0-1: Ball
1-1: Ball
2-1: Ball
3-1: Base on Balls
Jessie Reid to third
Stephen DeMatties to second
Pitching: RHP Dan Petry
Batting: LHB George Kaage 0-0: Ball
1-0: Ball
2-0: Foul Ball, location: 2F
2-1: Foul Ball, location: 2F
2-2: Ball
3-2: Foul Ball, location: 2F
3-2: Ground out 3-1 (Groundball, 34, EV 88.1 MPH)
Top of the 8th over - 0 runs, 2 hits, 0 errors, 3 left on base; Panama City 1 - San Jose 3
BOTTOM OF THE 8TH
San Jose Volcanoes batting - Pitching for Panama City Capitales : LHP Chuck Dougherty
Pitching: LHP Jose Paz
Now at 3B: Jordan Medrano
Batting: RHB Jeff Spisok 0-0: Ball
1-0: Ball
2-0: Called Strike
2-1: Ball
3-1: Called Strike
3-2: Strikes out looking
Batting: RHB Tony Evans 0-0: SINGLE (Line Drive, 8LS, EV 109.4 MPH)
Batting: RHB Brian David 0-0: Ball
Passed Ball!
Tony Evans to second
1-0: Foul Ball, location: 2F
1-1: Swinging Strike
1-2: Ball
2-2: Ball
3-2: Foul Ball, location: 2F
3-2: Base on Balls
Batting: RHB David Hoyt 0-0: Foul Ball, location: 2F
0-1: Fly out, F9 (Flyball, 9, EV 82.5 MPH)
Batting: RHB Henry Powell 0-0: Ball
1-0: Foul Ball, location: 2F
1-1: Fly out, F7 (Flyball, 7LD, EV 101.9 MPH)
Bottom of the 8th over - 0 runs, 1 hit, 0 errors, 2 left on base; Panama City 1 - San Jose 3
TOP OF THE 9TH
Panama City Capitales batting - Pitching for San Jose Volcanoes : RHP Dan Petry
Batting: SHB Stan Javier 0-0: Called Strike
0-1: Swinging Strike
0-2: Ball
1-2: Strikes out swinging
Batting: RHB David Hall 0-0: Foul Ball, location: 2F
0-1: Foul Ball, location: 2F
0-2: Ball
1-2: Ball
2-2: Foul Ball, location: 2F
2-2: Ball
3-2: Foul Ball, location: 2F
3-2: Fly out, F2 (Popup, 3SF, EV 87.5 MPH)
Batting: RHB Rod Allen 0-0: Foul Ball, location: 2F
0-1: Ball
1-1: Fly out, F8 (Flyball, 8RD, EV 96.9 MPH)
Top of the 9th over - 0 runs, 0 hits, 0 errors, 0 left on base; Panama City 1 - San Jose 3
Tuesday, July 7th, 2020 - OOTP Baseball 21.4 Build 63